 Dungeon Crawl Stone Soup version v3.33-hellcrawl-87-gc32ded8 (webtiles) character file.

96860 sauken the Fencer (level 19, -2/192 HPs)
             Began as a Naga Fighter on Aug 18, 2017.
             Was a Priest of Cheibriados.
             Killed from afar by a shadow dragon (9 damage)
             ... with a bolt of negative energy
             ... on level 3 of the Vaults.
             The game lasted 01:32:50 (30913 turns).

sauken the Fencer (Naga Fighter)                   Turns: 30913, Time: 01:32:52

Health: -2/192     AC: 33 (34%)Str: 40  XL:     19   Next: 37%
Magic:  0/27       EV: 15    Int: 17    God:    Cheibriados [***...]
Gold:   961        SH: 18    Dex: 24    Spells: 18/18 levels left

rFire    + + .     SeeInvis +   C - +4 scimitar (flame)
rCold    . . .     Faith    .   S - +2 shield {rF+}
rNeg     . . .     Spirit   +   O - +2 chain mail {rF+}
rPois    +         Reflect  .   b - +2 helmet
rElec    .                      t - +2 cloak
rCorr    .                      (no gloves)
MR       +++..                  d - +4 naga barding
Stlth    +.........             U - amulet of Uskayaw's Condemnation {Spirit Str+5 Dex-3}
Regen    0.5/turn               n - ring of protection from magic
MPRegen  0.3/turn               A - ring "Taosil" {rPois Str+4 Slay+3}

@: mighty, contaminated, glowing, drained, very slow
A: see invisible, deformed body, poison resistance, robust 1, slowness 2, slow
metabolism 1, spit poison 1, constrict 1, AC +6
}: 1/15 runes: barnacled
a: Spit Poison, Bend Time, Temporal Distortion, Renounce Religion


You were on level 3 of the Vaults.
You worshipped Cheibriados.
Cheibriados was most pleased with you.
You were not hungry.

You visited 4 branches of the dungeon, and saw 23 of its levels.
You also visited: Volcano.

You collected 2801 gold pieces.
You spent 1840 gold pieces at shops.

Inventory:

Hand Weapons
 C - a +4 scimitar of flaming (weapon)
 I - a +0 double sword
Missiles
 a - 88 steel tomahawks (quivered)
 f - 6283 stones
 i - 6 javelins of penetration
 u - 16 frenzy darts
 w - 171 poisoned darts
 D - 40 javelins
 F - a steel javelin
 T - 5 tomahawks of dispersal
 V - 2 silver tomahawks
 W - 14 tomahawks
Armour
 b - a +2 helmet (worn)
 d - a +4 naga barding (worn)
 j - a +3 leather armour of cold resistance
 t - a +2 cloak (worn)
 O - a +2 chain mail of fire resistance (worn)
 S - a +2 shield of fire resistance (worn)
Jewellery
 n - a ring of protection from magic (left hand)
 x - an uncursed ring of protection from magic
 z - an uncursed ring of positive energy
 A - the ring "Taosil" (right hand) {rPois Str+4 Slay+3}
   (You found it on level 10 of the Dungeon)

   [ring of poison resistance]

   It affects your strength (+4).
   It affects your accuracy and damage with ranged weapons and melee attacks
   (+3).
   It protects you from poison.
 H - an uncursed ring of ice
 L - a +6 ring of strength
 U - the amulet of Uskayaw's Condemnation (around neck) {Spirit Str+5 Dex-3}
   (You bought it in a shop on level 1 of the Orcish Mines)

   [amulet of guardian spirit]

   It causes incoming damage to be split between your health and magic.
   It affects your strength (+5).
   It affects your dexterity (-3).
Wands
 h - a wand of polymorph (4)
 s - a wand of acid (3)
 E - a wand of paralysis (8)
 K - a wand of iceblast (14)
 M - a wand of confusion (29)
 P - a wand of disintegration (11)
Scrolls
 l - 3 scrolls of magic mapping
 m - 2 scrolls of amnesia
Potions
 c - a potion of cancellation
 k - 4 potions of flight
 q - 5 potions of brilliance
 r - 5 potions of might
 G - a potion of lignification


   Skills:
 - Level 12.0(11.4) Fighting
 - Level 16.8(16.2) Blades
 - Level 6.0(5.5) Throwing
 + Level 12.0(11.4) Armour
 + Level 12.4(11.8) Dodging
 - Level 10.6(10.0) Stealth
 + Level 12.1(11.5) Shields
 - Level 10.8(10.2) Invocations


You had 18 spell levels left.
You didn't know any spells.

Dungeon Overview and Level Annotations

Branches:
Dungeon (15/15) Shoals (3/3) Orc:2 Slime (0/4) Orc:2 Vaults:3 Orc (2/2) D:15 Vaults (3/3) D:15 Shoals:3 Depths (0/3) D:15 Vaults:3 Snake: Orc:2 Spider: Orc:2

Altars:
Cheibriados
Dithmenos
Elyvilon
Gozag
Hepliaklqana
Kikubaaqudgha
Makhleb
Nemelex Xobeh
Okawaru
Qazlal
Ru
Sif Muna
Trog
Uskayaw
Vehumet
Xom
Yredelemnul
Zin
The Shining One
Jiyva

Shops:
D:11 *   D:15 !   Orc:1 =   Orc:2 !(:=

Annotations:
D:14 exclusion: Roxanne, Roxanne


Innate Abilities, Weirdness & Mutations

You cannot wear boots.
Your serpentine skin is tough. (AC +6)
You have supernaturally acute eyesight. (SInv)
Armour fits poorly on your strangely shaped body.
Your system is resistant to poisons. (rPois)
You cover ground very slowly.
You have a slow metabolism.
You can spit poison.
You can use your snake-like lower body to constrict enemies.
You are robust. (+10% HP)


Message History

An imperial myrmidon comes into view. It is wielding a +0 scimitar.
Unknown command.
Blink to where?
Press: ? - help, Dir - move target cursor You are contaminated with residual magic.
As you read the scroll of blinking, it crumbles to dust.
A great orb of eyes and a vault warden come into view.
The yaktaur captain shoots a bolt.
You block the bolt.
Unknown command.
Unknown command.
A shadow dragon and a yaktaur captain come into view.
You feel a little less agile now.
The vault warden shouts!
The shadow dragon breathes negative energy at you.
The bolt of negative energy misses you.
The yaktaur captain wields a +0 arbalest.
The yaktaur captain shoots a bolt.
The bolt hits you but does no damage.
The shadow dragon breathes negative energy at you.
The bolt of negative energy hits you!
You feel drained.
That hurt (13)!
You die...

#C.#....#...# #....)).....#
####.[))))..#################
......)).c)C..................
.......)G>).........D......D..
.....C).)..D.).o.CC.).........
.....c.)))....p...p...........
####...)cD..D#################
....c..p...@### ##.###.###.
.#W#.#$...#...#...#...#...#..
..#..#.c..##...p.p..§........
# ##...H.........§..
.................
......#......#..#
#.....###....###.. ##...##
##..##C##e ..... #.D##pp[##


You could see 3 shadow dragons, a frost giant, a sphinx, a vault warden, 3
yaktaur captains, an imperial myrmidon, a great orb of eyes (wandering) and a
yaktaur.

Vanquished Creatures
  Sojobo (Vaults:3)
  Saint Roka (Vaults:1)
  Jorgrun (Vaults:1)
  A tentacled monstrosity (Vaults:3)
  Polyphemus (Shoals:3)
  Agnes (D:14)
  A shadow dragon (Vaults:3)
  2 storm dragons (Vaults:3)
  5 tengu reavers
  A fire giant (Vaults:3)
  A deep elf sorcerer (Vaults:1)
  Ilsuiw (Shoals:3)
  4 vault wardens
  A frost giant (Vaults:2)
  Aizul (Shoals:3)
  6 ironheart preservers
  A stone giant (Vaults:3)
  A very ugly thing (Vaults:1)
  Nessos (D:14)
  A crystal guardian (Vaults:1)
  An ettin (Vaults:3)
  2 deep elf death magi (Vaults:1)
  Snorg (Orc:1)
  5 merfolk javelineers (Shoals:3)
  6 merfolk impalers
  Erolcha (Orc:2)
  Josephine (D:11)
  2 ice dragons (Vaults:2)
  4 yaktaur captains
  Fannar (D:11)
  3 rakshasas
  28 vault guards
  Harold (Orc:1)
  2 hydras (D:13)
  7 centaur warriors
  2 death knights
  Erica (D:10)
  A merfolk aquamancer (Shoals:3)
  A catoblepas (Shoals:3)
  6 ogre magi
  A satyr (Shoals:3)
  17 two-headed ogres
  9 death yaks
  An orc high priest (D:14)
  A tengu warrior (D:15)
  2 deep troll earth magi (Vaults:2)
  Nergalle (D:10)
  6 deep elf knights
  Sonja (D:14)
  8 sea snakes
  A death drake (shapeshifter) (D:15)
  2 unseen horrors (shapeshifter)
  6 skeletal warriors
  A glowing orange brain (D:13)
  2 deep elf archers
  2 deep trolls (Vaults:2)
  A phantasmal warrior (D:15)
  A wizard (D:13)
  7 ironbrand convokers
  3 necromancers
  A tengu zombie (Vaults:1)
  A sphinx zombie (Vaults:2)
  20 deep elf magi
  3 orc knights
  21 harpies
  7 cyclopes
  3 orc sorcerers
  A wolf spider (D:13)
  A frost giant zombie (Vaults:2)
  13 fauns
  A manticore (shapeshifter) (D:15)
  8 manticores
  A fire giant skeleton (Vaults:1)
  26 ugly things
  A human skeleton (Vaults:1)
  9 sirens
  3 centaur zombies
  A guardian serpent (shapeshifter) (D:14)
  2 black mambas (shapeshifter)
  8 vault sentinels
  2 black mambas
  2 torpor snails
  10 water nymphs
  2 spiny frogs
  2 gargoyles
  20 yaktaurs
  3 freezing wraiths
  2 efreet
  A kobold demonologist (D:15)
  32 merfolk
  2 wind drakes (shapeshifter)
  6 trolls
  A queen bee (shapeshifter) (Vaults:3)
  2 wind drakes
  Grinder (D:4)
  7 snapping turtles
  21 slime creatures
  9 blink frogs (D:14)
  3 meliai zombies
  An ettin skeleton (Vaults:2)
  Eustachio (D:4)
  2 water elementals
  12 wraiths
  A shadow (D:14)
  6 yaks (D:8)
  Sigmund (D:6)
  2 vampires
  A yak (shapeshifter) (Vaults:1)
  4 wyverns
  A basilisk (shapeshifter) (D:15)
  A human simulacrum (Vaults:2)
  A steam dragon (D:10)
  A human (shapeshifter) (Vaults:2)
  A yaktaur simulacrum (Vaults:1)
  Menkaure (D:6)
  2 angry ghosts
  Edmund (D:4)
  3 acid dragons
  A spiny frog zombie (D:7)
  5 wargs
  4 water moccasins
  3 black bears
  23 orc warriors
  3 wasps
  5 ice beasts
  A blink frog zombie (D:12)
  2 phantoms
  A blink frog skeleton (D:14)
  9 boggarts
  37 ogres
  11 centaurs
  2 big kobolds (D:15)
  4 bullfrogs
  3 wyvern zombies
  An earth elemental (Volcano)
  A wyvern skeleton (D:13)
  17 killer bees
  4 scorpions
  2 crimson imps
  4 wights (D:9)
  A howler monkey (D:3)
  2 quasits (D:4)
  4 hounds
  Crazy Yiuf (D:6)
  8 centaur skeletons
  2 jellies (D:8)
  A bullfrog skeleton (D:4)
  22 orc priests
  A gnoll shaman (D:6)
  22 orc wizards
  4 worker ants
  An iguana (D:6)
  A killer bee zombie (D:9)
  A hound zombie (D:6)
  5 adders
  8 gnolls
  4 howler monkey skeletons
  2 shadow imps
  4 oozes
  3 dart slugs
  96 orcs
  3 quokkas
  7 bats
  6 giant cockroaches
  10 goblins
  9 hobgoblins
  13 jackals
  A ball python (D:2)
  5 frilled lizards
  11 kobolds
  13 rats
  3 plants (Shoals:3)
901 creatures vanquished.

Vanquished Creatures (others)
  A hell knight (Vaults:3)
  A faun (Shoals:3)
  2 fire vortices (Volcano)
  8 plants
12 creatures vanquished.

Grand Total: 913 creatures vanquished

Notes
Turn   | Place    | Note
-------+----------+-------------------------------------------
     0 | D:1      | sauken the Naga Fighter began the quest for the Orb.
     0 | D:1      | Reached XP level 1. HP: 21/21 MP: 1/1
   170 | D:1      | Reached XP level 2. HP: 26/28 MP: 2/2
   691 | D:1      | Reached XP level 3. HP: 25/34 MP: 3/3
  1262 | D:2      | Found a faded altar of an unknown god.
  1326 | D:2      | Reached skill level 3 in Blades
  1507 | D:2      | Found an ancient bone altar of Kikubaaqudgha.
  1601 | D:2      | Reached XP level 4. HP: 44/44 MP: 4/4
  1715 | D:2      | Found a hazy altar of Hepliaklqana.
  1771 | D:3      | Found an opulent altar of Gozag.
  1792 | D:3      | Reached skill level 4 in Blades
  1792 | D:3      | Reached XP level 5. HP: 41/50 MP: 5/5
  2110 | D:3      | Reached XP level 6. HP: 53/58 MP: 6/6
  2203 | D:3      | Reached skill level 5 in Blades
  2406 | D:3      | Found a snail-covered altar of Cheibriados.
  2458 | D:3      | Became a worshipper of Cheibriados the Contemplative
  2934 | D:4      | Found an iron altar of Okawaru.
  2942 | D:4      | Noticed Grinder
  2959 | D:4      | Killed Grinder
  2959 | D:4      | Reached skill level 5 in Fighting
  2959 | D:4      | Reached skill level 6 in Blades
  2959 | D:4      | Reached XP level 7. HP: 16/67 MP: 5/7
  3351 | D:4      | Reached skill level 1 in Invocations
  3541 | D:4      | Found a white marble altar of Elyvilon.
  3593 | D:4      | Noticed Edmund
  3610 | D:4      | Killed Edmund
  3739 | D:4      | Found a sacrificial altar of Ru.
  3802 | D:4      | Reached * piety under Cheibriados
  3806 | D:4      | Reached skill level 7 in Blades
  3806 | D:4      | Reached XP level 8. HP: 24/76 MP: 9/9
  4304 | D:4      | Found a hide-covered altar of Uskayaw.
  4318 | D:4      | Noticed Eustachio
  4339 | D:4      | Killed Eustachio
  4594 | D:5      | Entered Level 5 of the Dungeon
  4596 | D:5      | Found a radiant altar of Vehumet.
  5626 | D:5      | Found a glowing silver altar of Zin.
  5627 | D:5      | Found a burning altar of Makhleb.
  5628 | D:5      | Found a sparkling altar of Nemelex Xobeh.
  5629 | D:5      | Found a basalt altar of Yredelemnul.
  5630 | D:5      | Found a glowing golden altar of the Shining One.
  5630 | D:5      | Found a shimmering altar of Xom.
  5631 | D:5      | Found a deep blue altar of Sif Muna.
  5666 | D:5      | Reached skill level 8 in Blades
  6647 | D:5      | Reached skill level 1 in Dodging
  6647 | D:5      | Reached XP level 9. HP: 85/85 MP: 12/12
  6956 | D:6      | Noticed Menkaure
  6963 | D:6      | Killed Menkaure
  7302 | D:6      | Reached skill level 9 in Blades
  7553 | D:6      | Noticed Sigmund
  7563 | D:6      | Killed Sigmund
  7679 | D:6      | Reached ** piety under Cheibriados
  8083 | D:6      | Found a runed door.
  8087 | D:6      | Noticed Crazy Yiuf
  8095 | D:6      | Killed Crazy Yiuf
  8260 | D:7      | Found a bloodstained altar of Trog.
  8561 | D:7      | Reached skill level 10 in Blades
  8589 | D:7      | Reached XP level 10. HP: 33/96 MP: 11/13
  8925 | D:7      | Found a shadowy altar of Dithmenos.
  9149 | D:7      | Found a stormy altar of Qazlal.
  9845 | D:8      | Reached *** piety under Cheibriados
 10147 | D:8      | Reached skill level 11 in Blades
 11140 | D:8      | Noticed a two-headed ogre
 11148 | D:8      | Killed a two-headed ogre
 11148 | D:8      | Reached skill level 5 in Dodging
 11630 | D:9      | Reached XP level 11. HP: 98/106 MP: 14/14
 11791 | D:9      | Reached skill level 12 in Blades
 12350 | D:10     | Entered Level 10 of the Dungeon
 12447 | D:10     | Noticed Nergalle
 12487 | D:10     | Killed Nergalle
 12580 | D:10     | Got the ring "Taosil" {rPois Str+4 Slay+3}
 13027 | D:10     | Noticed Erica
 13038 | D:10     | Reached **** piety under Cheibriados
 13047 | D:10     | Killed Erica
 13326 | D:11     | Reached skill level 5 in Invocations
 13330 | D:11     | Found Iruaxtud's Assorted Antiques.
 13424 | D:11     | Bought a scroll of blinking for 240 gold pieces
 13424 | D:11     | Bought a scroll of enchant weapon for 240 gold pieces
 13480 | D:11     | Reached skill level 5 in Stealth
 13586 | D:11     | Noticed Josephine
 13594 | D:11     | Killed Josephine
 13777 | D:11     | Noticed a red ugly thing
 13781 | D:11     | Reached XP level 12. HP: 90/114 MP: 16/16
 13872 | D:11     | Noticed Fannar
 13889 | D:11     | Killed Fannar
 14077 | D:12     | Noticed a two-headed ogre
 14088 | D:12     | Reached skill level 5 in Shields
 14093 | D:12     | Reached skill level 5 in Armour
 14146 | D:12     | Killed a two-headed ogre
 14320 | D:12     | Noticed a two-headed ogre
 14331 | D:12     | Killed a two-headed ogre
 15022 | D:12     | Noticed a sun demon
 15332 | D:12     | Gained mutation: You can use your snake-like lower body to constrict enemies. [Naga growth]
 15332 | D:12     | Reached XP level 13. HP: 121/121 MP: 19/19
 15790 | D:13     | Found a dark tunnel.
 15795 | Volcano  | Entered a volcano
 15816 | Volcano  | Gained mutation: You are robust. (+10% HP) [potion of mutation]
 16103 | D:13     | Reached skill level 13 in Blades
 16918 | D:14     | Reached skill level 14 in Blades
 16922 | D:14     | Reached XP level 14. HP: 113/141 MP: 21/21
 17063 | D:14     | Noticed Agnes
 17069 | D:14     | Killed Agnes
 17310 | D:14     | Noticed Sonja
 17327 | D:14     | Killed Sonja
 17424 | D:14     | Reached ***** piety under Cheibriados
 17449 | D:14     | Noticed Roxanne
 17528 | D:14     | Noticed Nessos
 17697 | D:14     | Found a white marble altar of Elyvilon.
 17703 | D:14     | Reached skill level 15 in Blades
 17979 | D:14     | Killed Nessos
 18374 | D:15     | Entered Level 15 of the Dungeon
 18409 | D:15     | Found Izupnako's Distillery.
 18423 | D:15     | Bought a potion of resistance for 140 gold pieces
 18423 | D:15     | Bought 2 potions of heal wounds for 140 gold pieces
 18423 | D:15     | Bought a potion of heal wounds for 70 gold pieces
 18423 | D:15     | Bought a potion of heal wounds for 70 gold pieces
 18423 | D:15     | Bought a potion of heal wounds for 70 gold pieces
 18732 | D:15     | Reached skill level 16 in Blades
 18847 | D:15     | Found a staircase to the Depths.
 18885 | D:15     | Reached XP level 15. HP: 118/148 MP: 22/22
 18988 | D:15     | Found a gate to the Vaults.
 19028 | D:15     | Reached ****** piety under Cheibriados
 19635 | D:15     | Found a staircase to the Orcish Mines.
 20026 | D:15     | Bought a potion of might for 56 gold pieces
 20171 | Orc:1    | Entered Level 1 of the Orcish Mines
 20186 | Orc:1    | Noticed Snorg
 20195 | Orc:1    | Killed Snorg
 20203 | Orc:1    | Noticed Harold
 20213 | Orc:1    | Killed Harold
 20242 | Orc:1    | Found Jonej's Jewellery Boutique.
 20563 | Orc:1    | Bought the amulet of Uskayaw's Condemnation {Spirit Str+5 Dex-3} for 494 gold pieces
 20658 | Orc:2    | Entered Level 2 of the Orcish Mines
 20723 | Orc:2    | Reached skill level 10 in Fighting
 20820 | Orc:2    | Found Rosamn's Book Shoppe.
 20820 | Orc:2    | Found Wocvuell's Jewellery Boutique.
 20821 | Orc:2    | Found Agips's Distillery.
 20821 | Orc:2    | Found Pinkuett's Weapon Shoppe.
 20840 | Orc:2    | Noticed Erolcha
 21015 | Orc:2    | Bought a potion of heal wounds for 80 gold pieces
 21015 | Orc:2    | Bought a potion of heal wounds for 80 gold pieces
 21015 | Orc:2    | Bought 2 potions of heal wounds for 160 gold pieces
 21043 | Orc:2    | Was placed under penance by Cheibriados
 21048 | Orc:2    | Killed Erolcha
 21055 | Orc:2    | Was forgiven by Cheibriados
 21357 | Orc:2    | Found a staircase to the Shoals.
 21379 | Orc:2    | Found a viscous altar of Jiyva.
 21380 | Orc:2    | Found a staircase to the Slime Pits.
 21694 | Shoals:1 | Entered Level 1 of the Shoals
 21720 | Shoals:1 | Reached XP level 16. HP: 102/162 MP: 13/23
 22349 | Shoals:1 | Reached skill level 1 in Throwing
 23233 | Shoals:3 | Entered Level 3 of the Shoals
 23327 | Shoals:3 | Reached skill level 5 in Throwing
 23331 | Shoals:3 | Noticed Ilsuiw
 23416 | Shoals:3 | Noticed Aizul
 23425 | Shoals:3 | Killed Aizul
 23952 | Shoals:3 | HP: 3/165 [merfolk javelineer/javelin of penetration (24)]
 23962 | Shoals:3 | Killed Ilsuiw
 24435 | Shoals:3 | Noticed Polyphemus
 24457 | Shoals:3 | Killed Polyphemus
 24457 | Shoals:3 | Reached skill level 10 in Dodging
 24625 | Shoals:3 | Reached XP level 17. HP: 115/172 MP: 19/24
 25637 | Shoals:3 | Found a gate to the Vaults.
 25646 | Shoals:3 | Reached skill level 10 in Armour
 25659 | Shoals:3 | Got a barnacled rune of Zot
 25920 | Vaults:1 | Entered Level 1 of the Vaults
 25921 | Vaults:1 | Reached skill level 10 in Shields
 26429 | Vaults:1 | Reached skill level 10 in Invocations
 26823 | Vaults:1 | Noticed Saint Roka
 26843 | Vaults:1 | Killed Saint Roka
 27166 | Vaults:1 | Reached skill level 10 in Stealth
 27783 | Vaults:1 | Noticed Jorgrun
 27796 | Vaults:1 | Killed Jorgrun
 28105 | Vaults:1 | Reached XP level 18. HP: 171/184 MP: 24/26
 30653 | Vaults:3 | Entered Level 3 of the Vaults
 30653 | Vaults:3 | Found a staircase to the Depths.
 30653 | Vaults:3 | Found a staircase to the Slime Pits.
 30667 | Vaults:3 | Reached XP level 19. HP: 100/192 MP: 8/27
 30780 | Vaults:3 | Noticed Sojobo
 30856 | Vaults:3 | Killed Sojobo
 30857 | Vaults:3 | HP: 6/192 [tengu reaver/+0 long sword[Sojobo] (14)]
 30906 | Vaults:3 | HP: 3/192 [frost giant/bolt of cold (11)]
 30910 | Vaults:3 | Identified the +5 broad axe of the Iron City of Dis {chop, +Fly rF+ Dex+3}
 30913 | Vaults:3 | Killed from afar by a shadow dragon

Skill      XL: |  1  2  3  4  5  6  7  8  9 10 11 12 13 14 15 16 17 18 19 |
---------------+----------------------------------------------------------+-----
Blades         | 3 4 6 7 8 10 11 12 14 16 | 16.8
Fighting       | 4 5 6 7 9 10 11 12 | 12.0
Invocations    | 2 4 6 8 9 10 | 10.8
Dodging        | 1 3 5 7 9 10 12 | 12.4
Stealth        | 6 7 10 | 10.6
Armour         | 4 6 7 8 9 10 11 12 | 12.0
Shields        | 4 6 7 8 9 10 11 12 | 12.1
Throwing       | 6 |  6.0

Action                   |  1- 3 |  4- 6 |  7- 9 | 10-12 | 13-15 | 16-18 | 19-21 || total
-------------------------+-------+-------+-------+-------+-------+-------+-------++-------
Melee: Long sword        |   156 |   126 |   467 |   359 |       |       |       ||  1108
       Scimitar          |       |       |       |   264 |   702 |   807 |    87 ||  1860
       Constrict         |       |       |       |       |   162 |   151 |    10 ||   323
Throw: Stone             |       |     5 |     1 |    21 |       |     5 |       ||    32
       Poisoned dart     |       |       |    33 |    14 |    12 |    96 |       ||   155
       Frenzy dart       |       |       |       |       |     3 |       |       ||     3
       Javelin           |       |       |       |       |       |    58 |       ||    58
       Tomahawk          |       |       |       |       |       |    13 |    14 ||    27
Invok: Bend Time         |       |     5 |    13 |    15 |    16 |    19 |    13 ||    81
       Slouch            |       |       |       |     3 |     8 |    14 |     3 ||    28
       Temporal Distorti |       |       |       |     2 |     1 |     9 |       ||    12
 Abil: Spit Poison       |       |     9 |    35 |    14 |     2 |    11 |       ||    71
Evoke: Wand              |       |       |       |     2 |     2 |       |       ||     4
  Use: Potion            |       |     2 |       |       |     3 |     9 |    11 ||    25
       Scroll            |       |       |     3 |    11 |     4 |     6 |     7 ||    31
 Stab: Paralysed         |       |       |     1 |       |     1 |       |       ||     2
       Sleeping          |       |       |       |     4 |     5 |     8 |       ||    17
       Distracted        |       |       |       |     2 |     2 |     2 |       ||     6
Armor: Scale mail        |    78 |    84 |    64 |       |       |       |       ||   226
       Leather armour    |       |       |    89 |   258 |    56 |   138 |       ||   541
       Chain mail        |       |       |       |       |   149 |   158 |    38 ||   345
Dodge: Dodged            |    32 |    50 |   159 |   241 |   257 |   451 |    38 ||  1228
Block: Shield            |    92 |    68 |   247 |   348 |   485 |   801 |    75 ||  2116
